 Dungeon Crawl Stone Soup version 0.32-a0-613-g40f424ee2b (webtiles) character file.

Game seed: 13271941833949969476

8225 Essalna the Geomancer (level 11, 0/67 HPs)
             Began as a Gargoyle Earth Elementalist on Mar 5, 2024.
             Was a Follower of Vehumet.
             Slain by a culicivora (shapeshifter) (19 damage)
             ... on level 9 of the Dungeon.
             The game lasted 00:13:06 (7927 turns).

Essalna the Geomancer (Gargoyle Earth Elementalist) Turns: 7927, Time: 00:13:06

Health: 0/67       AC: 14    Str: 12    XL:     11   Next: 27%
Magic:  5/18       EV: 13    Int: 20    God:    Vehumet [*.....]
Gold:   622        SH:  0    Dex: 10    Spells: 16/20 levels left

rFire   + + .        t - +6 hammer "Naowoug" {flame, rPois rF++}
rCold   . . .        (no shield)
rNeg    + . .        H - +0 troll leather armour
rPois   ∞            (no helmet)
rElec   +            s - +0 cloak
rCorr   .            u - +0 pair of gloves
SInv    .            (no boots)
Will    +....        (no amulet)
Stlth   ++           f - ring of wizardry
HPRegen 1.11/turn    G - ring of willpower
MPRegen 0.16/turn

%: wizardry (x1)
@: no status effects
A: sickness immunity, AC +8, negative energy resistance 1, electricity
resistance, torment resistance 1, petrification resistance
a: Renounce Religion


You were on level 9 of the Dungeon.
You worshipped Vehumet.
Vehumet was aware of your devotion.
You visited 2 branches of the dungeon, and saw 10 of its levels.
You also visited: Sewer.

You collected 622 gold pieces.

Inventory:

Hand Weapons
 p - a +0 heavy flail
 t - the +6 hammer "Naowoug" (weapon) {flame, rPois rF++}
   (You found it on level 3 of the Dungeon)

   rF++:      It greatly protects you from fire.
   rPois:     It protects you from poison.
Armour
 a - a +0 robe
 s - a +0 cloak (worn)
 u - a +0 pair of gloves (worn)
 H - a +0 troll leather armour (worn)
Jewellery
 e - an amulet of guardian spirit
 f - a ring of wizardry (left hand)
 h - a +6 ring of dexterity
 w - a +6 ring of strength
 y - a ring of positive energy
 G - a ring of willpower (right hand)
 K - an amulet of faith
Wands
 k - a wand of polymorph (12)
 F - a wand of charming (11)
 O - a wand of iceblast (4)
Scrolls
 c - 2 scrolls of teleportation
 i - a scroll of identify
 j - a scroll of amnesia
 l - 2 scrolls of revelation
 o - 2 scrolls of enchant armour
 q - a scroll of enchant weapon
 r - 4 scrolls of noise
 z - 2 scrolls of fear
 A - 2 scrolls of blinking {unknown}
 D - a scroll of fog {unknown}
 E - a scroll of poison {unknown}
 I - a scroll of torment {unknown}
 Q - a scroll of vulnerability {unknown}
Potions
 b - a potion of magic
 d - 3 potions of attraction {unknown}
 g - 3 potions of curing {unknown}
 m - a potion of cancellation {unknown}
 n - a potion of might {unknown}
 v - 2 potions of brilliance {unknown}
 x - a potion of lignification {unknown}
 B - 4 potions of mutation {unknown}
 C - a potion of resistance {unknown}
 J - 3 potions of degeneration {unknown}
 L - a potion of enlightenment {unknown}
 M - 2 potions of berserk rage {unknown}
 N - a potion of heal wounds {unknown}
Miscellaneous
 P - a box of beasts


   Skills:
 + Level 7.1 Fighting
 + Level 7.1 Armour
 + Level 5.7 Dodging
 - Level 2.1 Stealth
 - Level 5.0 Spellcasting
 + Level 9.2 Conjurations
 + Level 10.6 Earth Magic


You had 16 spell levels left.
You knew the following spells:

 Your Spells              Type           Power      Damage    Failure   Level
a - Sandblast             Erth           94%        2d19      1%          1
b - Stone Arrow           Conj/Erth      88%        3d12      1%          3

Your spell library contained the following spells:

 Spells                   Type           Power      Damage    Failure   Level
 Sting                    Conj/Alch      92%        1d8       1%          1
 Passwall                 Erth           47%        N/A       1%          3
 Brom's Barrelling Bould  Conj/Erth      44%        2d6       1%          4
 Petrify                  Alch/Erth      26%        N/A       6%          4
 Ensorcelled Hibernation  Hex/Ice        10%        N/A       9%          2
 Swiftness                Air            5%         N/A       16%         3


Dungeon Overview and Level Annotations

Branches:
Dungeon (9/15)             Temple (1/1) D:7           Sewer (visited)
   Lair: D:8-11         Orc: D:9-12

Altars:
Ashenzari
Cheibriados
Dithmenos
Elyvilon
Fedhas
Gozag
Hepliaklqana
Kikubaaqudgha
Makhleb
Nemelex Xobeh
Okawaru
Qazlal
Ru
Sif Muna
Trog
Uskayaw
Vehumet
Wu Jian
Xom
Yredelemnul
Zin
The Shining One

Shops:
D:5 *


Innate Abilities, Weirdness & Mutations

You are immune to sickness and miasma.
Your stone body is resilient. (AC +8)
You are immune to poison.
You resist negative energy. (rN+)
You are resistant to electric shocks. (rElec)
You are resistant to unholy torment.
You are immune to petrification.


Message History

Aim: a komodo dragon (heavily wounded, 82% to hit)
The stone arrow hits the komodo dragon!!
You kill the komodo dragon!
Vehumet accepts your kill.
You feel your power returning.
Casting: Stone Arrow (safe; 1% risk of failure)
Confirm with . or Enter, or press ? or * to list all spells.
Aiming: Stone Arrow (safe; 1% risk of failure)
Press: ? - help, Shift-Dir - straight line, f - culicivora
Aim: a culicivora (57% to hit)
The stone arrow hits the culicivora!!
The culicivora is heavily wounded.
The culicivora bites you! The culicivora bites you.
* * * LOW HITPOINT WARNING * * *
Casting: Stone Arrow (safe; 1% risk of failure)
Confirm with . or Enter, or press ? or * to list all spells.
Aiming: Stone Arrow (safe; 1% risk of failure)
Press: ? - help, Shift-Dir - straight line, f/p - culicivora
Aim: a culicivora (heavily wounded, 57% to hit)
The stone arrow hits the culicivora!
The culicivora is almost dead.
The culicivora completely misses you.
The deep elf pyromancer casts a spell.
The deep elf pyromancer blinks!
Casting: Stone Arrow (safe; 1% risk of failure)
Confirm with . or Enter, or press ? or * to list all spells.
Aiming: Stone Arrow (safe; 1% risk of failure)
Press: ? - help, Shift-Dir - straight line, f/p - culicivora
Aim: a culicivora (almost dead, 57% to hit)
The stone arrow misses the culicivora.
The culicivora bites you.
* * * LOW HITPOINT WARNING * * *
The culicivora bites you but does no damage.
Casting: Stone Arrow (safe; 1% risk of failure)
Confirm with . or Enter, or press ? or * to list all spells.
Aiming: Sandblast (safe; 1% risk of failure)
Press: ? - help, Shift-Dir - straight line, f/p - culicivora
Aim: a culicivora (almost dead, 73% to hit)
The blast of sand misses the culicivora.
The culicivora misses you. The culicivora bites you!!
You die...

.................................
.................................
.................................
.......###################...####
......## ########## #...# ......#
#.......(: ##### ......#
#....e..?[ ......# ###s# #####
### ......# ##.#@## ##.).## ##.(.
......# #..#..###..#..###..#
......## ##......#...#...⌠...#
.......## #...#.......#.......#
........# #...#.(.#.......#...
........# #.#######..###'###'##
........# ### #####.......##
........# ##...###...# ........#
#...## ##...


You could see a culicivora.

Vanquished Creatures
  5 deep elf pyromancers (D:9)
  A komodo dragon (shapeshifter) (D:9)
  A troll (D:7)
  Grinder (D:3)
  10 yaks (D:8)
  A wraith (D:9)
  A wyvern (D:8)
  4 fire bats (D:9)
  A steam dragon (D:5)
  2 water moccasins
  An orc warrior (D:9)
  3 black bears
  2 sky beasts (D:9)
  2 ice beasts (D:9)
  A crocodile (Sewer)
  An ogre (D:6)
  3 centaurs
  3 phantoms
  4 bullfrogs
  2 scorpions
  4 wights (D:8)
  5 killer bees (D:8)
  3 bombardier beetles
  4 hounds
  3 orc priests (D:7)
  Crazy Yiuf (D:3)
  A sleepcap (D:5)
  6 iguanas
  2 orc wizards
  Natasha (thrice) (D:2)
  3 gnolls (D:3)
  2 adders
  A shadow imp (D:8)
  A white imp (D:5)
  2 ufetubi (D:6)
  3 ribbon worms
  14 orcs
  8 bats
  3 endoplasms
  3 giant cockroaches
  4 goblins
  5 hobgoblins
  8 jackals
  6 kobolds
  6 quokkas
  5 ball pythons
  3 frilled lizards
  4 rats
162 creatures vanquished.

Notes
Turn   | Place    | Note
-------+----------+-------------------------------------------
     0 | D:1      | Essalna the Gargoyle Earth Elementalist began the quest for
                  | the Orb.
     0 | D:1      | Reached XP level 1. HP: 10/10 MP: 3/3
   136 | D:1      | Reached XP level 2. HP: 15/15 MP: 0/5
   259 | D:1      | Reached skill level 4 in Earth Magic
   628 | D:1      | Reached XP level 3. HP: 19/19 MP: 4/6
   672 | D:1      | Learned a level 3 spell: Stone Arrow
  1015 | D:2      | Noticed Natasha
  1018 | D:2      | Killed Natasha
  1361 | D:2      | Reached XP level 4. HP: 24/24 MP: 6/8
  1420 | D:2      | Found a faded altar of an unknown god.
  1466 | D:2      | Noticed Natasha
  1471 | D:2      | Killed Natasha
  1743 | D:2      | Noticed Natasha
  1748 | D:2      | Killed Natasha
  1779 | D:3      | Reached XP level 5. HP: 28/28 MP: 6/9
  1780 | D:3      | Identified the +0 short sword "Rarchoxt" {drain, ^Fragile
                  | Str+5}
  1831 | D:3      | Found a runed translucent door.
  1832 | D:3      | Noticed Crazy Yiuf
  1836 | D:3      | Killed Crazy Yiuf
  1837 | D:3      | Reached skill level 5 in Earth Magic
  1846 | D:3      | Identified the +6 hammer "Naowoug" {flame, rPois rF++}
  2009 | D:3      | Noticed Grinder
  2017 | D:3      | Killed Grinder
  2018 | D:3      | Reached XP level 6. HP: 10/32 MP: 1/11
  2399 | D:3      | Found a hide-covered altar of Uskayaw.
  2524 | D:4      | Reached skill level 6 in Earth Magic
  2524 | D:4      | Reached XP level 7. HP: 36/36 MP: 9/13
  3286 | D:5      | Entered Level 5 of the Dungeon
  3286 | D:5      | Found a glowing drain.
  3299 | D:5      | Reached skill level 5 in Conjurations
  3314 | Sewer    | Entered a sewer
  3631 | D:5      | Reached skill level 5 in Spellcasting
  3631 | D:5      | Reached skill level 7 in Earth Magic
  3631 | D:5      | Reached XP level 8. HP: 41/41 MP: 11/15
  3749 | D:5      | Reached skill level 1 in Fighting
  3749 | D:5      | Reached skill level 1 in Armour
  3767 | D:5      | Found Zablawidd's General Store.
  4651 | D:6      | Found a glowing golden altar of the Shining One.
  4836 | D:6      | Reached XP level 9. HP: 49/50 MP: 11/16
  4976 | D:7      | Noticed a troll
  4982 | D:7      | Killed a troll
  4983 | D:7      | Reached skill level 8 in Earth Magic
  5224 | D:7      | Found a staircase to the Ecumenical Temple.
  5233 | Temple   | Entered the Ecumenical Temple
  5261 | Temple   | Became a worshipper of Vehumet
  5743 | D:7      | Found a bloodstained altar of Trog.
  5750 | D:7      | Identified the +0 dagger "Worm's Wrath" {heavy, SInv}
  5750 | D:7      | Identified the +1 animal skin of the Moon {Harm +Blink}
  6196 | D:8      | Reached skill level 9 in Earth Magic
  6199 | D:8      | Reached skill level 5 in Armour
  6199 | D:8      | Reached XP level 10. HP: 52/58 MP: 12/17
  6201 | D:8      | Reached skill level 5 in Fighting
  6353 | D:8      | Found a glowing silver altar of Zin.
  6929 | D:8      | Found a hazy altar of Hepliaklqana.
  6931 | D:8      | Found a shadowy altar of Dithmenos.
  7295 | D:9      | Reached * piety under Vehumet
  7295 | D:9      | Offered knowledge of Sting by Vehumet.
  7580 | D:9      | Found an ancient bone altar of Kikubaaqudgha.
  7710 | D:9      | Noticed a deep elf pyromancer
  7714 | D:9      | Reached skill level 5 in Dodging
  7716 | D:9      | Killed a deep elf pyromancer
  7717 | D:9      | Reached skill level 10 in Earth Magic
  7724 | D:9      | Noticed a deep elf pyromancer
  7733 | D:9      | Killed a deep elf pyromancer
  7804 | D:9      | Noticed a deep elf pyromancer
  7804 | D:9      | Noticed a deep elf pyromancer
  7804 | D:9      | Noticed a deep elf pyromancer
  7807 | D:9      | Reached XP level 11. HP: 66/66 MP: 15/18
  7813 | D:9      | Killed a deep elf pyromancer
  7817 | D:9      | Killed a deep elf pyromancer
  7824 | D:9      | Killed a deep elf pyromancer
  7919 | D:9      | Noticed a deep elf pyromancer
  7927 | D:9      | Slain by a culicivora (shapeshifter)

Illustrated notes

Levels and vault maps discovered:
D:1:      evilmike_arrival_crescent, layout_loops_ring
D:2:      layout_basic, hellmonk_ecumenical_altar_crossroads, uniq_natasha
D:3:      layout_rooms, nicolae_uskayaw_suspiria, uniq_crazy_yiuf_cottage,
          uniq_grinder
D:4:      layout_gridville
D:5:      layout_basic, cheibrodos_sewer_entry_drain, serial_shops, shop
D:6:      layout_rooms, mainiacjoe_overflow_cross_hatched
D:7:      layout_cave_pods, bloody_trog, minmay_temple_entry_drinking_statues
D:8:      layout_basic, zin_scriptorium, riverfiend_overflow_shadow_ancestor,
          minmay_gold_behind_fungi, roderic_three_in_a_row
D:9:      dpeg_index_elf_rogue_hall, layout_irregular_city, kennysheep_mini_moat
Temple:   nicolae_temple_superstar

Skill      XL: |  1  2  3  4  5  6  7  8  9 10 11 |
---------------+----------------------------------+-----
Earth Magic    | 4 5 6 7 9 10 | 10.6
Conjurations   | 2 4 5 6 7 8 9 |  9.2
Spellcasting   | 3 4 5 |  5.0
Fighting       | 3 4 6 7 |  7.1
Armour         | 3 5 6 7 |  7.1
Dodging        | 2 4 5 |  5.7
Stealth        | |  2.1

Action                     |  1- 3 |  4- 6 |  7- 9 | 10-12 || total
---------------------------+-------+-------+-------+-------++-------
  Melee: Unarmed           |     2 |       |       |       ||     2
         Mace              |       |     4 |     9 |     9 ||    22
   Cast: Sandblast         |    30 |    42 |   145 |    92 ||   309
         Stone Arrow       |       |     2 |     6 |     9 ||    17
    Use: Scroll            |       |       |       |     7 ||     7
 Armour: Robe              |     3 |     8 |    32 |       ||    43
         Troll leather arm |       |       |    27 |    68 ||    95
  Dodge: Dodged            |     3 |    22 |    46 |    53 ||   124

Table legend: (Time is in decaauts)
 A = Elapsed time spent in this place.
 B = Non-inter-level travel time spent in this place.
 C = Inter-level travel time spent in this place.
 D = Time resting spent in this place.
 E = Time spent auto-exploring this place.
 F = Levels seen in this place.
 G = Mean time per level.
                   A        B        C        D        E       F      G
               +--------+--------+--------+--------+--------+-----+--------+
         Total |   8119 |   7807 |    312 |      0 |   6721 |  11 |  738.1 |
       Dungeon |   7809 |   7551 |    258 |      0 |   6508 |   9 |  867.7 |
        Temple |     56 |      2 |     54 |      0 |      0 |   1 |   56.0 |
         Sewer |    252 |    252 |      0 |      0 |    212 |   1 |  252.0 |
               +--------+--------+--------+--------+--------+-----+--------+

Top non-repeatable levels by time:
     D:8: 1105 daAuts
     D:5: 940 daAuts
     D:7: 939 daAuts
     D:9: 920 daAuts
     D:2: 902 daAuts
     D:1: 895 daAuts
     D:4: 789 daAuts
     D:3: 772 daAuts
     D:6: 543 daAuts
   Sewer: 252 daAuts
  Temple: 56 daAuts
